 Dungeon Crawl Stone Soup version 0.28-a0-563-gf77a47075d (webtiles) character file.

Game seed: 3204506439681019654

3 Gargoyl the Skirmisher (level 1, 19/23 HPs)
             Began as a Gnoll Abyssal Knight on Sept 30, 2021.
             Was an Initiate of Lugonu.
             Quit the game on level 1 of the Dungeon.
             The game lasted 00:00:28 (151 turns).

Gargoyl the Skirmisher (Gnoll Abyssal Knight)        Turns: 151, Time: 00:00:29

Health: 19/23      AC:  2    Str: 12    XL:     1   Next: 50%
Magic:  3/3        EV: 12    Int:  9    God:    Lugonu [......]
Gold:   75         SH:  0    Dex: 12    Spells: 0/0 levels left

rFire   . . .      SeeInvis .   a - +2 hand axe
rCold   . . .      Faith    .   (no shield)
rNeg    . . .      Spirit   .   b - +0 leather armour
rPois   .          Reflect  .   (no helmet)
rElec   .          Harm     .   (no cloak)
rCorr   .          Rampage  .   (no gloves)
Will    .....                   (no boots)
Stlth   +.........              (no amulet)
HPRegen 0.00/turn               (no ring)
MPRegen 0.08/turn               (no ring)

@: diseased
A: fangs 1, strong nose, distributed training, [deformed body]
a: Renounce Religion


You were on level 1 of the Dungeon.
You worshipped Lugonu.
Lugonu was noncommittal.
You visited 1 branch of the dungeon, and saw 1 of its levels.
You visited the Abyss 1 time.

You collected 75 gold pieces.

Inventory:

Hand Weapons
 a - a +2 hand axe (weapon)
Armour
 b - a +0 leather armour (worn)


   Skills:
 + Level 6.4 Fighting
 + Level 0.0 Short Blades
 + Level 0.0 Long Blades
 + Level 4.4 Axes
 + Level 0.0 Maces & Flails
 + Level 0.0 Polearms
 + Level 0.0 Staves
 + Level 0.0 Slings
 + Level 0.0 Bows
 + Level 0.0 Crossbows
 + Level 0.0 Throwing
 + Level 4.4 Armour
 + Level 2.3 Dodging
 + Level 0.0 Stealth
 + Level 0.0 Shields
 + Level 0.0 Unarmed Combat
 + Level 0.0 Spellcasting
 + Level 0.0 Conjurations
 + Level 0.0 Hexes
 + Level 0.0 Summonings
 + Level 0.0 Necromancy
 + Level 0.0 Translocations
 + Level 0.0 Transmutations
 + Level 0.0 Fire Magic
 + Level 0.0 Ice Magic
 + Level 0.0 Air Magic
 + Level 0.0 Earth Magic
 + Level 0.0 Poison Magic
 + Level 4.4 Invocations
 + Level 0.0 Evocations


You couldn't memorise any spells.
You didn't know any spells.
Your spell library was empty.

Dungeon Overview and Level Annotations

Branches:
Dungeon (1/15)

Altars:


Innate Abilities, Weirdness & Mutations

You have very sharp teeth.
Your uncanny sense of smell can sniff out nearby items.
Your experience applies equally to all skills.
[Armour fits poorly on your strangely shaped body.]


Message History

Found 19 gold pieces.
You feel ill.
You see here 19 gold pieces.
You now have 66 gold pieces (gained 19).
A wretched star comes into view.
The wretched star pulses with an eldritch light!
Your body twists and deforms.
You pass through the gate.
You can no longer depart the Abyss at will.
Found 9 gold pieces.
Found a stone staircase leading down.
There is a staircase leading out of the dungeon here.
Magic restored.
You now have 75 gold pieces (gained 9).
A kobold comes into view. It is wielding a +0 club.
The kobold shouts!
A kobold is nearby!
A kobold is nearby!
A kobold is nearby!
A dart slug comes into view.
The kobold hits you with a +0 club.
You barely miss the kobold. Your bite misses the kobold.
The kobold closely misses you.
You hit the kobold.
The kobold is moderately wounded.
The kobold barely misses you.
You hit the kobold.
You kill the kobold!
Lugonu accepts your kill.
Unknown command.
You see here a +0 club.
The dart slug bites you.
You hit the dart slug but do no damage. You hit the dart slug.
The dart slug is heavily wounded.
The dart slug bites you but does no damage.
You slash the dart slug!
You kill the dart slug!
Lugonu accepts your kill.
You see here a dart slug corpse.
Are you sure you want to abandon this character and quit the game? (Confirm with "yes".)

.. .# # .##.#
#. ....#
##.######....♣
............♣
#........# .
#........♣ ..
#....@..♣♣.♣♣
#............
###....†..♣...♣
...........♣♣♣♣
.......).......
.....##...####.
..... #.#......
..... #...####.
.... #..##


There were no monsters in sight!

Vanquished Creatures
  A dart slug (D:1)
  A kobold (D:1)
2 creatures vanquished.

Notes
Turn   | Place    | Note
-------+----------+-------------------------------------------
     0 | Abyss:1  | Gargoyl the Gnoll Abyssal Knight began the quest for the
                  | Orb.
     0 | Abyss:1  | Reached XP level 1. HP: 23/23 MP: 3/3
    87 | Abyss:2  | Noticed an ancient zyme
   114 | Abyss:2  | Noticed a wretched star
   117 | D:1      | Escaped the Abyss
   151 | D:1      | Quit the game

Illustrated notes

Levels and vault maps discovered:
D:1:      dpeg_arrival_pits, layout_basic, serial_forest,
          infiniplex_forest_lined_4_way, infiniplex_forest_end_3,
          infiniplex_forest_lined_room_, infiniplex_forest_lined_3_way,
          infiniplex_forest_straight_3, infiniplex_forest_lined_2,
          infiniplex_forest_lined_1, infiniplex_forest_clump_medium,
          infiniplex_forest_lined_3, hellmonk_ecumenical_altar_inner_sanctum

Action                   || total
-------------------------++-------
Melee: Hand axe          ||     6
Invok: Depart the Abyss  ||     1
  Use: Scroll            ||     1
       Potion            ||     1
Armor: Leather armour    ||     1
Dodge: Dodged            ||     2

Table legend: (Time is in decaauts)
 A = Elapsed time spent in this place.
 B = Non-inter-level travel time spent in this place.
 C = Inter-level travel time spent in this place.
 D = Time resting spent in this place.
 E = Time spent auto-exploring this place.
 F = Levels seen in this place.
 G = Mean time per level.
                   A        B        C        D        E       F      G
               +--------+--------+--------+--------+--------+-----+--------+
         Total |    150 |    150 |      0 |      0 |     95 |   3 |   50.0 |
       Dungeon |     34 |     34 |      0 |      0 |     18 |   1 |   34.0 |
         Abyss |    116 |    116 |      0 |      0 |     77 |   2 |   58.0 |
               +--------+--------+--------+--------+--------+-----+--------+

Top non-repeatable levels by time:
 Abyss:2: 60 daAuts
 Abyss:1: 56 daAuts
     D:1: 34 daAuts
